 Dungeon Crawl Stone Soup version 0.32-a0-871-ge202e49faa (webtiles) character file.

Game seed: 5102989248880276400

50858 Autsider the Black Sun (level 14, -2/77 HPs)
             Began as a Felid Summoner on Mar 28, 2024.
             Was a High Priest of Kikubaaqudgha.
             Shot with a bolt by an orc knight (31 damage)
             ... on level 2 of the Orcish Mines on Mar 29, 2024.
             The game lasted 01:12:05 (19844 turns).

Autsider the Black Sun (Felid Summoner)            Turns: 19844, Time: 01:12:05

Health: -2/77      AC:  3    Str:  4    XL:     14   Next: 21%
Magic:  16/29      EV: 23    Int: 23    God:    Kikubaaqudgha [*****.]
Gold:   1273       SH:  0    Dex: 18    Spells: 10/34 levels left
                                        Lives:  0   Deaths: 5

rFire   . . .        (weapon unavailable)
rCold   + . .        (shield unavailable)
rNeg    + . .        (body armour unavailable)
rPois   .            (helmet unavailable)
rElec   .            (cloak unavailable)
rCorr   .            (gloves unavailable)
SInv    +            (boots unavailable)
Will    ++...        w - amulet of magic regeneration
Stlth   +++++        i - ring of positive energy
HPRegen 0.32/turn    (no ring)
MPRegen 0.61/turn

%: no passive effects
@: death channelling (expiring), animating dead
A: very small, claws 1, fangs 3, see invisible, shaggy fur 3, stealthy paws, no
weapons or thrown items, no armour, multi-lived
a: Renounce Religion, Unearth Wretches, Torment


You were on level 2 of the Orcish Mines.
You worshipped Kikubaaqudgha.
Kikubaaqudgha was extremely pleased with you.
You visited 4 branches of the dungeon, and saw 18 of its levels.

You collected 1453 gold pieces.
You spent 180 gold pieces at shops.

Inventory:

Jewellery
 i - a ring of positive energy (left paw)
 w - an amulet of magic regeneration (around neck)
 F - an amulet of the acrobat
Wands
 e - a wand of charming (17)
 s - a wand of flame (27)
 v - a wand of roots (9)
 y - a wand of digging (8)
 A - a wand of acid (2)
 C - a wand of polymorph (7)
Scrolls
 b - a scroll of torment
 o - 3 scrolls of amnesia
 p - 7 scrolls of teleportation
 r - 4 scrolls of fear
 t - a scroll of enchant weapon
 z - 3 scrolls of revelation
 B - 3 scrolls of blinking
 D - a scroll of summoning
 E - 2 scrolls of vulnerability {unknown}
Potions
 a - a potion of magic
 c - 3 potions of lignification
 d - 3 potions of degeneration
 f - 4 potions of attraction
 g - 4 potions of might
 h - 4 potions of enlightenment
 j - a potion of heal wounds
 k - 4 potions of brilliance
 l - 2 potions of haste
 m - 2 potions of cancellation
 n - 2 potions of mutation
 q - 2 potions of ambrosia
 u - 2 potions of invisibility
 x - 2 potions of curing
Miscellaneous
 H - a phantom mirror


   Skills:
 - Level 10.0 Fighting
 - Level 10.0 Dodging
 - Level 10.0 Stealth
 + Level 10.8 Spellcasting
 - Level 11.0 Summonings
 + Level 11.4 Necromancy
 + Level 3.7 Translocations
 - Level 5.0 Fire Magic
 - Level 5.0 Air Magic
 + Level 3.6 Earth Magic


You had 10 spell levels left.
You knew the following spells:

 Your Spells              Type           Power      Damage    Failure   Level
a - Call Canine Familiar  Summ           58%        N/A       1%          3
b - Summon Blazeheart Go  Fire/Summ      49%        N/A       1%          4
c - Summon Lightning Spi  Summ/Air       49%        N/A       1%          4
e - Death Channel         Necr           30%        N/A       7%          6
m - Summon Small Mammal   Summ           100%       N/A       1%          1
w - Animate Dead          Necr           60%        N/A       1%          4
z - Blink                 Tloc           58%        N/A       1%          2

Your spell library contained the following spells:

 Spells                   Type           Power      Damage    Failure   Level
 Kiss of Death            Conj/Necr      100%       2d13      1%          1
 Necrotise                Necr           100%       1d9       1%          1
 Call Imp                 Summ           100%       N/A       1%          2
 Cigotuvi's Dreadful Rot  Necr/Alch/Air  74%        N/A       1%          2
 Sublimation of Blood     Necr           60%        N/A       1%          2
 Summon Ice Beast         Ice/Summ       37%        N/A       1%          3
 Dispel Undead            Necr           60%        3d21      1%          4
 Curse of Agony           Necr           60%        N/A       1%          5
 Mercury Vapours          Alch/Air       46%        N/A       2%          2
 Magic Dart               Conj           48%        1d5       5%          1
 Inner Flame              Hex/Fire       23%        N/A       5%          3
 Borgnjor's Vile Clutch   Necr/Erth      23%        N/A       6%          5
 Mephitic Cloud           Conj/Alch/Air  20%        N/A       8%          3
 Vhi's Electric Charge    Tloc/Air       64%        N/A       9%          4
 Summon Mana Viper        Hex/Summ       37%        N/A       16%         5
 Flame Wave               Conj/Fire      23%        2d8       19%         4
 Sticky Flame             Fire/Alch      23%        2d6       19%         4
 Petrify                  Alch/Erth      20%        N/A       24%         4
 Monstrous Menagerie      Summ           29%        N/A       43%         7
 Arcjolt                  Conj/Air       11%        1d21      45%         5
 Freezing Cloud           Conj/Ice/Air   10%        6-21      58%         5
 Plasma Beam              Fire/Air       17%        2x1d29    71%         6
 Irradiate                Conj/Alch      6%         3d13      82%         5


Dungeon Overview and Level Annotations

Branches:
Dungeon (10/15)            Temple (1/1) D:6            Lair (5/5) D:9
 Shoals (0/4) Lair:3        Snake (0/4) Lair:2        Slime (0/5) Lair:5
    Orc (2/2) D:10            Elf (0/3) Orc:2

Altars:
Ashenzari
Cheibriados
Dithmenos
Elyvilon
Fedhas
Gozag
Hepliaklqana
Kikubaaqudgha
Makhleb
Nemelex Xobeh
Okawaru
Qazlal
Ru
Sif Muna
Trog
Uskayaw
Vehumet
Wu Jian
Xom
Yredelemnul
Zin
The Shining One
Beogh
Jiyva
Lugonu

Shops:
Orc:2 ?

Portals:
Abyss: Lair:5


Innate Abilities, Weirdness & Mutations

You have sharp claws.
You have razor-sharp teeth.
You have supernaturally acute eyesight. (SInv)
Your thick and shaggy fur keeps you warm. (AC +3, rC+)
Your paws help you pounce on unaware monsters.
You are incapable of wielding weapons or throwing items.
You cannot wear armour.
You gain extra lives every three experience levels.


Message History

The orc warlord wields a +0 arbalest of freezing.
It is covered in frost.
The orc warlord shoots a bolt.
The bolt completely misses your lightning spire.
The orc knight shoots a bolt.
The bolt hits your spectral orc!!
Your spectral orc is destroyed!
Your lightning spire shoots out a bolt of lightning at the orc warlord!
The bolt of electricity hits the orc warlord!
The orc priest calls down the wrath of Beogh upon your blazeheart golem.
Your blazeheart golem is smitten.
The orc warlord shoots a bolt.
The bolt hits your lightning spire!! The bolt freezes your lightning spire.
Your lightning spire shoots out a bolt of lightning at the orc warlord!
The bolt of electricity hits the orc warlord.
Your blazeheart golem punches the orc priest.
Your blazeheart golem's core grows cold and it stops moving.
Your familiar recovers from its injuries.
Your blazeheart golem's core flares to life once more.
The orc warlord no longer looks unusually strong.
The orc priest calls upon Beogh to heal the orc knight.
The orc knight is healed somewhat.
The orc warlord shoots a bolt.
The bolt barely misses your lightning spire.
Your lightning spire shoots out a bolt of lightning at the orc warlord!
The bolt of electricity hits the orc warlord.
Your unholy channel is weakening.
The orc warlord shoots a bolt.
The bolt hits your lightning spire!
Your lightning spire is destroyed!
Your lightning spire disappears in a puff of smoke!
Your blazeheart golem punches the orc priest!
The orc priest dies!
Kikubaaqudgha accepts your kill.
Your blazeheart golem falls apart, revealing its core!
The dead are walking!
A glowing mist starts to gather...
Your blazeheart core explodes!
The fiery explosion engulfs your spectral orc priest!!
You destroy your spectral orc priest!
The orc knight shoots a bolt.
The bolt hits you!
You hear a shout! x3
The orc knight shoots a bolt.
The bolt hits you!!
You die...
Kikubaaqudgha rasps: You have failed me!
Welcome... death!

#................. .
#................. ..
##................... ...
#................$..# ....
#................$..
.....#####..............#..
#.....).ß.Z..............#
........)..☼☼○.......#..##
_.#....)o§o○☼○.@.........##
......).)§.○☼○............#
#.......ß.##.#.....)...#.##
.....########...)...⌠.⌠# #
...... ##.$.....∩.# ....#
#......⌠.⌠# .[..#
..#.#...#### ..oß#
..#......## .o..#
##..#$#......##


You could see an orc knight (strong, ally target) and a friendly orc priest
zombie.

Vanquished Creatures
  An orc warlord (Orc:2)
  2 hydras
  A two-headed ogre (Orc:2)
  A catoblepas (Lair:5)
  2 death yaks (Lair:5)
  A thrashing horror (Lair:5)
  3 skysharks
  2 large abominations (Lair:5)
  Pikel (D:7)
  2 orc knights
  An orc sorcerer (Orc:1)
  Maurice (D:7)
  6 elephants
  2 black mambas (Lair:5)
  2 kobold blastminers (Orc:1)
  A smoke demon (Lair:5)
  8 cane toads
  2 rime drakes
  3 komodo dragons
  A polar bear (Lair:2)
  A troll (D:9)
  2 raiju (Lair:5)
  6 blink frogs
  23 yaks
  A spriggan (Lair:5)
  A wyvern (D:9)
  4 small abominations (Lair:5)
  3 ynoxinuls (Lair:5)
  A warg (Orc:1)
  A steam dragon (Lair:2)
  5 basilisks (Lair:5)
  3 nagas (Lair:2)
  Menkaure (D:7)
  5 water moccasins
  Duvessa (D:7)
  5 orc warriors
  A black bear (Lair:4)
  8 wolves
  3 ogres
  2 centaurs
  A lemure (D:7)
  3 bullfrogs
  2 gnoll sergeants
  A wight (D:9)
  Dowan (D:7)
  3 killer bees (D:7)
  2 orc priests
  4 orc wizards
  2 gnolls
  7 orcs
  2 endoplasms
  2 jackals (D:1)
  A quokka (D:1)
  A bat (D:1)
  2 kobolds (D:10)
154 creatures vanquished.

Vanquished Creatures (collateral kills)
  An ogre mage (Orc:2)
  A hydra (Lair:4)
  A catoblepas (Lair:3)
  A death yak (Lair:5)
  A boulder beetle (Lair:1)
  A two-headed ogre (Orc:1)
  A thrashing horror (Lair:5)
  An orc high priest (Orc:2)
  An orc knight (Orc:2)
  An orc sorcerer (Orc:2)
  2 ugly things (Lair:5)
  A salamander (Lair:2)
  A meliai (shapeshifter) (Lair:5)
  4 elephants
  2 smoke demons (Lair:5)
  2 kobold blastminers (Orc:1)
  A black mamba (Lair:4)
  An unseen horror (D:10)
  5 cane toads
  A rime drake (Lair:3)
  A komodo dragon (Lair:5)
  Psyche (D:10)
  A polar bear (Lair:2)
  2 trolls
  A raiju (Lair:5)
  8 blink frogs
  A spriggan (Lair:5)
  A wraith (D:10)
  Sigmund (D:4)
  A basilisk (Lair:5)
  5 small abominations (Lair:5)
  5 wyverns
  8 yaks
  A steam dragon (D:10)
  8 water moccasins
  An acid dragon (D:10)
  A sky beast (D:7)
  19 orc warriors
  2 black bears
  6 wolves
  4 centaurs
  6 ogres
  A lemure (D:7)
  A phantom (D:4)
  A kobold brigand (D:10)
  5 bullfrogs
  3 scorpions (D:5)
  3 wights (D:9)
  A killer bee (D:7)
  A nameless horror (D:7)
  3 howler monkeys
  3 bombardier beetles
  3 jellies
  3 hounds
  17 orc priests
  Crazy Yiuf (D:7)
  A sleepcap (D:6)
  3 iguanas
  17 orc wizards
  10 hell rats (Lair:1)
  8 gnolls
  An orc zombie (Orc:2)
  6 adders
  2 ufetubi (D:6)
  A dart slug (D:1)
  55 orcs
  11 ball pythons
  3 bats
  5 endoplasms
  2 giant cockroaches
  2 goblins
  A hobgoblin (D:3)
  13 jackals
  4 quokkas
  2 frilled lizards (D:1)
  7 kobolds
  3 rats
317 creatures vanquished.

Vanquished Creatures (others)
  An arcanist (D:7)
  A two-headed ogre zombie (Orc:2)
  An orc warrior (Orc:2)
  A bullfrog (Lair:2)
  A troll zombie (Orc:2)
  An orc priest (Orc:1)
  An orc wizard (Orc:2)
  4 ogre zombies (Orc:2)
  15 orc zombies (Orc:2)
  127 blazeheart cores
153 creatures vanquished.

Grand Total: 624 creatures vanquished

Notes
Turn   | Place    | Note
-------+----------+-------------------------------------------
     0 | D:1      | Autsider the Felid Summoner began the quest for the Orb.
     0 | D:1      | Reached XP level 1. HP: 9/9 MP: 4/4
   276 | D:1      | Reached XP level 2. HP: 10/13 MP: 3/6
   329 | D:1      | Learned a level 2 spell: Call Imp
   716 | D:1      | Found a faded altar of an unknown god.
   786 | D:1      | Reached XP level 3. HP: 16/16 MP: 6/8
   790 | D:1      | Learned a level 3 spell: Call Canine Familiar
  1857 | D:3      | Found a stormy altar of Qazlal.
  2584 | D:4      | Reached XP level 4. HP: 20/21 MP: 4/9
  2584 | D:4      | Gained a life (2 lives remaining)
  2589 | D:4      | Reached skill level 5 in Summonings
  2595 | D:4      | Learned a level 4 spell: Summon Blazeheart Golem
  2623 | D:4      | Found a burning altar of Makhleb.
  2844 | D:4      | Reached skill level 1 in Fire Magic
  2844 | D:4      | Reached XP level 5. HP: 24/24 MP: 4/11
  2858 | D:4      | Noticed a phantom
  2888 | D:4      | Killed a phantom
  3095 | D:4      | Noticed Sigmund
  3112 | D:4      | Killed Sigmund
  3113 | D:4      | Gained mutation: You are covered in thick fur. (AC +2)
                  | [Felid growth]
  3113 | D:4      | Reached XP level 6. HP: 28/28 MP: 8/13
  3475 | D:4      | Reached XP level 7. HP: 32/32 MP: 8/14
  3538 | D:4      | Learned a level 4 spell: Summon Lightning Spire
  3610 | D:5      | Entered Level 5 of the Dungeon
  3610 | D:5      | Noticed a wyvern
  3620 | D:5      | Killed a wyvern
  3892 | D:5      | Reached skill level 1 in Fighting
  3965 | D:5      | Reached skill level 1 in Air Magic
  4199 | D:5      | Reached XP level 8. HP: 37/37 MP: 12/16
  5616 | D:6      | Found a staircase to the Ecumenical Temple.
  5623 | Temple   | Entered the Ecumenical Temple
  5655 | D:6      | Reached skill level 5 in Spellcasting
  5655 | D:6      | Reached skill level 5 in Fire Magic
  5979 | D:7      | Found an iron altar of Okawaru.
  5982 | D:7      | Noticed Maurice
  5989 | D:7      | Killed Maurice
  5990 | D:7      | Reached skill level 5 in Dodging
  5990 | D:7      | Reached skill level 5 in Stealth
  6005 | D:7      | Reached XP level 9. HP: 43/44 MP: 8/17
  6095 | D:7      | Noticed Pikel
  6121 | D:7      | Killed Pikel
  6247 | D:7      | Noticed Menkaure
  6256 | D:7      | Killed Menkaure
  6589 | D:7      | Found a bloodstained altar of Trog.
  6591 | D:7      | Noticed a wizard
  6595 | D:7      | Killed a wizard
  6619 | D:7      | Found an opulent altar of Gozag.
  6619 | D:7      | Noticed Duvessa
  6625 | D:7      | Found a shadowy altar of Dithmenos.
  6625 | D:7      | Noticed Dowan
  6630 | D:7      | Killed Duvessa
  6645 | D:7      | Killed Dowan
  7224 | D:7      | Found a runed translucent door.
  7225 | D:7      | Noticed Crazy Yiuf
  7234 | D:7      | Killed Crazy Yiuf
  7646 | D:8      | Slain by an orc warrior
  7646 | D:8      | Lost a life (1 life remaining)
  7726 | D:8      | Reached XP level 10. HP: 51/51 MP: 17/20
  7726 | D:8      | Gained a life (2 lives remaining)
  8237 | D:9      | Reached skill level 5 in Fighting
  9359 | D:9      | Found a staircase to the Lair.
  9362 | D:9      | Found a snail-covered altar of Cheibriados.
  9804 | D:10     | Entered Level 10 of the Dungeon
  9824 | D:10     | Reached skill level 5 in Air Magic
  9912 | D:10     | Noticed Psyche
  9929 | D:10     | Killed Psyche
 10084 | D:10     | Slain by an unseen horror
 10084 | D:10     | Lost a life (1 life remaining)
 10120 | D:10     | Reached XP level 11. HP: 50/56 MP: 20/22
 10120 | D:10     | Gained a life (2 lives remaining)
 10432 | D:10     | Found a staircase to the Orcish Mines.
 10568 | D:10     | Found an ancient bone altar of Kikubaaqudgha.
 10574 | D:10     | Became a worshipper of Kikubaaqudgha
 10640 | Lair:1   | Entered Level 1 of the Lair of Beasts
 10700 | Lair:1   | Noticed a boulder beetle
 10724 | Lair:1   | Killed a boulder beetle
 11107 | Lair:1   | Reached skill level 10 in Stealth
 11112 | Lair:1   | Reached * piety under Kikubaaqudgha
 11112 | Lair:1   | Received a gift from Kikubaaqudgha
 11118 | Lair:1   | Learned a level 4 spell: Animate Dead
 11769 | Lair:2   | Reached skill level 1 in Necromancy
 11940 | Lair:2   | Found a staircase to the Snake Pit.
 12141 | Lair:2   | Reached skill level 10 in Dodging
 12706 | Lair:3   | Found a staircase to the Shoals.
 12850 | Lair:3   | Identified the +2 ring mail of Ashenzari's Favour {rPois
                  | Dex+2}
 12873 | Lair:3   | Gained mutation: Your thick and shaggy fur keeps you warm.
                  | (AC +3, rC+) [Felid growth]
 12873 | Lair:3   | Reached XP level 12. HP: 63/63 MP: 23/25
 13085 | Lair:3   | HP: 3/64 [spore (37)]
 13086 | Lair:3   | Reached skill level 5 in Necromancy
 13348 | Lair:3   | Noticed an eight-headed hydra
 13362 | Lair:3   | Killed an eight-headed hydra
 13980 | Lair:3   | Noticed a catoblepas
 13989 | Lair:3   | Killed a catoblepas
 13990 | Lair:3   | Reached skill level 10 in Summonings
 14049 | Lair:4   | Found the +8 Wrath of Trog {antimagic, *Rage Rampage}
 14303 | Lair:4   | Noticed a four-headed hydra
 14311 | Lair:4   | Killed a four-headed hydra
 14311 | Lair:4   | Reached ** piety under Kikubaaqudgha
 14412 | Lair:4   | Upgraded the game from 0.32-a0-868-g153ae1a8d6 to
                  | 0.32-a0-871-ge202e49faa
 14740 | Lair:4   | Noticed a seven-headed hydra
 14751 | Lair:4   | Killed a seven-headed hydra
 14914 | Lair:4   | Killed by an exploding blazeheart core
 14914 | Lair:4   | Lost a life (1 life remaining)
 15279 | Lair:5   | Entered Level 5 of the Lair of Beasts
 15333 | Lair:5   | Noticed a death yak
 15341 | Lair:5   | Noticed a death yak
 15346 | Lair:5   | Killed a death yak
 15348 | Lair:5   | Noticed a death yak
 15352 | Lair:5   | Killed a death yak
 15353 | Lair:5   | Reached XP level 13. HP: 66/70 MP: 23/27
 15353 | Lair:5   | Gained a life (2 lives remaining)
 15773 | Lair:5   | HP: 1/70 [skyshark (11)]
 15779 | Lair:5   | Slain by a skyshark
 15779 | Lair:5   | Lost a life (1 life remaining)
 15946 | Lair:5   | Found a viscous altar of Jiyva.
 15946 | Lair:5   | Found a staircase to the Slime Pits.
 16048 | Lair:5   | HP: 2/70 [cloud of flame (8)]
 16049 | Lair:5   | Engulfed by a cloud of flame
 16049 | Lair:5   | Lost a life (0 lives remaining)
 16148 | Lair:5   | Reached *** piety under Kikubaaqudgha
 16148 | Lair:5   | Received a gift from Kikubaaqudgha
 16437 | Lair:5   | Reached skill level 10 in Spellcasting
 16658 | Lair:5   | Reached skill level 10 in Necromancy
 16728 | Lair:5   | Reached skill level 10 in Fighting
 17114 | Lair:5   | Reached skill level 1 in Earth Magic
 17631 | Lair:5   | Found a corrupted altar of Lugonu.
 17813 | Lair:5   | Found a one-way gate to the infinite horrors of the Abyss.
 17823 | Lair:5   | Learned a level 2 spell: Blink
 18123 | D:10     | Learned a level 6 spell: Death Channel
 18128 | Orc:1    | Entered Level 1 of the Orcish Mines
 18137 | Orc:1    | Reached **** piety under Kikubaaqudgha
 18721 | Orc:1    | Reached XP level 14. HP: 77/77 MP: 21/29
 18738 | Orc:1    | Reached skill level 1 in Translocations
 19202 | Orc:2    | Entered Level 2 of the Orcish Mines
 19202 | Orc:2    | Found a shimmering altar of Xom.
 19234 | Orc:2    | Found a staircase to the Elven Halls.
 19281 | Orc:2    | Found a roughly hewn altar of Beogh.
 19360 | Orc:2    | Noticed an orc warlord
 19409 | Orc:2    | Reached ***** piety under Kikubaaqudgha
 19639 | Orc:2    | Found Tecec's Magic Scroll Emporium.
 19666 | Orc:2    | Bought a scroll of identify for 36 gold pieces
 19666 | Orc:2    | Bought a scroll of identify for 36 gold pieces
 19666 | Orc:2    | Bought a scroll of amnesia for 72 gold pieces
 19666 | Orc:2    | Bought a scroll of identify for 36 gold pieces
 19804 | Orc:2    | Found a roughly hewn altar of Beogh.
 19806 | Orc:2    | Noticed an orc warlord
 19844 | Orc:2    | Shot with a bolt by an orc knight

Illustrated notes

Levels and vault maps discovered:
D:1:      minmay_arrival_plants_in_alcoves, layout_basic,
          nicolae_ecumenical_lake_church
D:2:      layout_basic
D:3:      layout_loops_ring, nicolae_qazlal_general_emergency,
          kennysheep_cross_bottleneck
D:4:      layout_loops_corners, bloody_makhleb, minmay_cut_off, uniq_sigmund
D:5:      layout_layer_cave
D:6:      layout_loops_ring, minmay_temple_entry_arrows
D:7:      layout_loops_ring, trog_wizard,
          chequers_temple_overflow_statue_of_worship,
          mainiacjoe_overflow_small_starburst, uniq_crazy_yiuf_cottage,
          uniq_duvessa, uniq_menkaure, uniq_pikel, uniq_maurice
D:8:      layout_loops_ring, hangedman_abyss_or_decor_passed
D:9:      layout_stronghold, overflow_temple_1_default,
          erik_lair_orcish_takeover
D:10:     layout_gridville, marbit_many_paths, orc_0_dummy, uniq_psyche
Temple:   eino_narrow_crystal_temple
Lair:1:   layout_chaotic_city, chequers_serial_rivers_micro_a, lemuel_fruit_tree
Lair:2:   layout_long_grid, alex1729_snake_entry_snake
Lair:3:   layout_regular_city, minmay_shoals_entry_centaurs, grunt_megastairs_4
Lair:4:   layout_long_grid, st_stairs_10, lemuel_fruit_fields,
          grunt_megastairs_5, infiniplex_staircase_pool
Lair:5:   hellmonk_lair_end_abyssal_woods, layout_big_grid,
          dpeg_slime_entry_corner, grunt_megastairs_3, serial_bayou_shore_b
Orc:1:    layout_caves, serial_shops
Orc:2:    grunt_orc_cross, layout_caves, serial_shops, shop_fountains,
          hangedman_feature_mirror, nicolae_orc_found_a_spring

Skill      XL: |  1  2  3  4  5  6  7  8  9 10 11 12 13 14 |
---------------+-------------------------------------------+-----
Spellcasting   | 3 4 5 6 7 8 9 10 | 10.8
Summonings     | 5 6 7 8 9 10 11 | 11.0
Fire Magic     | 1 2 3 4 5 |  5.0
Dodging        | 3 5 6 8 10 | 10.0
Stealth        | 3 5 7 9 10 | 10.0
Fighting       | 1 3 4 6 7 9 10 | 10.0
Air Magic      | 1 2 4 5 |  5.0
Necromancy     | 4 8 11 | 11.4
Earth Magic    | 2 3 |  3.6
Translocations | 3 |  3.7

Action                     |  1- 3 |  4- 6 |  7- 9 | 10-12 | 13-15 || total
---------------------------+-------+-------+-------+-------+-------++-------
  Melee: Unarmed           |    33 |     5 |    26 |    41 |     7 ||   112
         Bite              |     2 |     1 |       |     6 |       ||     9
         Punch             |       |       |     1 |     1 |       ||     2
   Cast: Summon Small Mamm |    16 |       |       |       |       ||    16
         Call Imp          |    13 |    10 |     2 |       |       ||    25
         Call Canine Famil |    10 |    11 |    31 |    18 |    20 ||    90
         Summon Blazeheart |       |       |    38 |    88 |    74 ||   200
         Summon Lightning  |       |       |     1 |    41 |    48 ||    90
         Blink             |       |       |       |       |     1 ||     1
         Animate Dead      |       |       |       |       |     2 ||     2
         Death Channel     |       |       |       |       |     2 ||     2
 Invoke: Unearth Wretches  |       |       |       |       |     1 ||     1
  Evoke: Wand              |       |       |       |     1 |       ||     1
    Use: Scroll            |     4 |       |    11 |     3 |     7 ||    25
         Potion            |       |       |       |     1 |     4 ||     5
   Stab: Distracted        |       |       |       |     1 |       ||     1
         Paralysed         |       |       |       |       |     2 ||     2
 Armour: Skin              |    26 |     7 |    24 |    81 |    79 ||   217
  Dodge: Dodged            |    81 |     9 |    54 |   206 |   178 ||   528

Table legend: (Time is in decaauts)
 A = Elapsed time spent in this place.
 B = Non-inter-level travel time spent in this place.
 C = Inter-level travel time spent in this place.
 D = Time resting spent in this place.
 E = Time spent auto-exploring this place.
 F = Levels seen in this place.
 G = Mean time per level.
                   A        B        C        D        E       F      G
               +--------+--------+--------+--------+--------+-----+--------+
         Total |  19854 |  19069 |    785 |   4980 |   9684 |  18 | 1103.0 |
       Dungeon |  10901 |  10376 |    525 |   1888 |   6274 |  10 | 1090.1 |
        Temple |      1 |      0 |      1 |      0 |      0 |   1 |    1.0 |
          Lair |   7397 |   7157 |    240 |   2501 |   2969 |   5 | 1479.4 |
  Orcish Mines |   1554 |   1536 |     18 |    591 |    441 |   2 |  777.0 |
               +--------+--------+--------+--------+--------+-----+--------+

Top non-repeatable levels by time:
  Lair:5: 2636 daAuts
     D:9: 1664 daAuts
     D:7: 1365 daAuts
  Lair:3: 1359 daAuts
     D:5: 1342 daAuts
  Lair:4: 1301 daAuts
  Lair:1: 1137 daAuts
     D:1: 1114 daAuts
     D:4: 1080 daAuts
   Orc:1: 1058 daAuts
    D:10: 1044 daAuts
     D:6: 997 daAuts
  Lair:2: 961 daAuts
     D:8: 859 daAuts
     D:2: 732 daAuts
